 Dungeon Crawl Stone Soup version 0.23.2-1-ga50397a6bc (webtiles) character file.

Game seed: 14632379530051691819

141 Mrkan the Skirmisher (level 5, 0/47 HPs)
             Began as a Gnoll Wanderer on May 13, 2019.
             Succumbed to a worker ant's poison
             ... on level 4 of the Dungeon.
             The game lasted 00:12:18 (2066 turns).

Mrkan the Skirmisher (Gnoll Wanderer)               Turns: 2066, Time: 00:12:19

Health: 0/47       AC:  5    Str: 14    XL:     5   Next: 24%
Magic:  3/9        EV: 12    Int: 15    God:
Gold:   107        SH:  0    Dex: 15    Spells: 9/10 levels left

rFire    . . .     SeeInvis .   a - +0 falchion
rCold    . . .     Gourm    .   (no shield)
rNeg     . . .     Faith    .   c - +0 ring mail
rPois    .         Spirit   .   (no helmet)
rElec    .         Reflect  .   (no cloak)
rCorr    .         Harm     .   (no gloves)
MR       .....                  (no boots)
Stlth    +.........             (no amulet)
HPRegen  0.15/turn              (no ring)
MPRegen  0.11/turn              (no ring)

@: lethally poisoned (0 -> -4)
A: distributed training, fangs 1, strong nose
a: no special abilities


You were on level 4 of the Dungeon.
You were very hungry.

You visited 1 branch of the dungeon, and saw 4 of its levels.

You collected 107 gold pieces.

Inventory:

Hand Weapons
 a - a +0 falchion (weapon)
 l - a +2 dagger of venom
Armour
 c - a +0 ring mail (worn)
 d - a +0 robe
Scrolls
 b - 2 scrolls of teleportation
 e - 3 scrolls of identify
 i - 2 scrolls of fear {unknown}
 j - 2 scrolls of remove curse
 n - a scroll of amnesia {unknown}
Potions
 g - 5 potions of curing
 h - a potion of agility {unknown}
 k - 2 potions of invisibility
 m - a potion of lignification {unknown}
Comestibles
 f - 6 rations


   Skills:
 + Level 6.6 Fighting
 + Level 1.4 Short Blades
 + Level 2.9 Long Blades
 + Level 1.4 Axes
 + Level 1.4 Maces & Flails
 + Level 1.4 Polearms
 + Level 1.4 Staves
 + Level 1.4 Slings
 + Level 1.4 Bows
 + Level 1.4 Crossbows
 + Level 1.4 Throwing
 + Level 1.4 Armour
 + Level 2.9 Dodging
 + Level 1.4 Stealth
 + Level 4.7 Shields
 + Level 1.4 Unarmed Combat
 + Level 3.1 Spellcasting
 + Level 1.1 Conjurations
 + Level 1.1 Hexes
 + Level 1.1 Charms
 + Level 1.1 Summonings
 + Level 1.1 Necromancy
 + Level 1.1 Translocations
 + Level 1.1 Transmutations
 + Level 1.1 Fire Magic
 + Level 1.1 Ice Magic
 + Level 3.9 Air Magic
 + Level 1.1 Earth Magic
 + Level 1.1 Poison Magic
 + Level 1.5 Invocations
 + Level 1.4 Evocations


You had 9 spell levels left.
You knew the following spells:

 Your Spells              Type           Power        Failure   Level  Hunger
a - Shock                 Conj/Air       #...         14%         1    #......

Your spell library contained the following spells:

 Spells                   Type           Power        Failure   Level  Hunger
 Swiftness                Chrm/Air       #.......     22%         2    ##.....
 Static Discharge         Conj/Air       #.......     41%         3    ###....
 Airstrike                Air            ##........   63%         4    #####..
 Lightning Bolt           Conj/Air       #.........   99%         5    ######.


Dungeon Overview and Level Annotations

Branches:
Dungeon (4/15)
 Temple: D:4-7

Altars:
Kikubaaqudgha
Sif Muna
Vehumet
The Shining One


Innate Abilities, Weirdness & Mutations

Your experience applies equally to all skills.
You have very sharp teeth.
Your uncanny sense of smell can sniff out nearby items.


Message History

There is a stone staircase leading down here.
You can't go up here!
You feel sick. The worker ant bites you.
* * * LOW HITPOINT WARNING * * *
You climb downwards.
* * * LOW HITPOINT WARNING * * *
You feel sick.
There is a stone staircase leading up here.
* * * LOW HITPOINT WARNING * * *
You feel sick.
The worker ant bites you but does no damage.
* * * LOW HITPOINT WARNING * * *
You feel sick.
There is a stone staircase leading down here.
You can't go up here!
The worker ant bites you.
* * * LOW HITPOINT WARNING * * *
You climb downwards.
An orc comes into view. It is wielding a +0 dagger.
You die...

# . #.
##.#...
#..###......#
#...@...#
#....a...##
#.....##$....
.....#
#...... $..#.
o..... .. #
...... .
..... ..=..


You could see a worker ant and an orc (sleeping).

Vanquished Creatures
  A scorpion (D:3)
  2 adders
  An ooze (D:1)
  4 worms (D:2)
  2 dart slugs
  A leopard gecko (D:2)
  5 orcs (D:2)
  5 bats
  A giant cockroach (D:1)
  5 goblins
  5 hobgoblins
  A jackal (D:2)
  4 kobolds
  2 quokkas (D:2)
  3 frilled lizards (D:1)
  4 rats
46 creatures vanquished.

Notes
Turn   | Place    | Note
-------+----------+-------------------------------------------
     0 | D:1      | Mrkan the Gnoll Wanderer began the quest for the Orb.
     0 | D:1      | Mrkan set off with the following items: a +0 falchion, a
                  | scroll of teleportation, a +0 robe, a ration; and the
                  | following spell memorised: Shock; and the following spells
                  | available to memorise: Swiftness, Static Discharge,
                  | Airstrike, Lightning Bolt
     0 | D:1      | Reached XP level 1. HP: 23/23 MP: 4/4
   148 | D:1      | Reached XP level 2. HP: 29/29 MP: 1/5
   416 | D:1      | Reached XP level 3. HP: 26/35 MP: 7/7
  1096 | D:2      | Reached skill level 1 in Invocations
  1175 | D:2      | Found a deep blue altar of Sif Muna.
  1178 | D:2      | Found a glowing golden altar of the Shining One.
  1194 | D:2      | Found a radiant altar of Vehumet.
  1337 | D:2      | Found an ancient bone altar of Kikubaaqudgha.
  1387 | D:2      | Reached skill level 1 in Short Blades
  1387 | D:2      | Reached skill level 1 in Axes
  1387 | D:2      | Reached skill level 1 in Maces & Flails
  1387 | D:2      | Reached skill level 1 in Polearms
  1387 | D:2      | Reached skill level 1 in Staves
  1387 | D:2      | Reached skill level 1 in Slings
  1387 | D:2      | Reached skill level 1 in Bows
  1387 | D:2      | Reached skill level 1 in Crossbows
  1387 | D:2      | Reached skill level 1 in Throwing
  1387 | D:2      | Reached skill level 1 in Armour
  1387 | D:2      | Reached skill level 1 in Stealth
  1387 | D:2      | Reached skill level 1 in Unarmed Combat
  1387 | D:2      | Reached skill level 1 in Evocations
  1447 | D:2      | Reached XP level 4. HP: 41/41 MP: 2/8
  1863 | D:3      | Reached skill level 1 in Conjurations
  1863 | D:3      | Reached skill level 1 in Hexes
  1863 | D:3      | Reached skill level 1 in Charms
  1863 | D:3      | Reached skill level 1 in Summonings
  1863 | D:3      | Reached skill level 1 in Necromancy
  1863 | D:3      | Reached skill level 1 in Translocations
  1863 | D:3      | Reached skill level 1 in Transmutations
  1863 | D:3      | Reached skill level 1 in Fire Magic
  1863 | D:3      | Reached skill level 1 in Ice Magic
  1863 | D:3      | Reached skill level 1 in Earth Magic
  1863 | D:3      | Reached skill level 1 in Poison Magic
  1863 | D:3      | Reached XP level 5. HP: 16/47 MP: 9/9
  2065 | D:3      | HP: 1/47 [worker ant (4)]
  2066 | D:4      | Succumbed to a worker ant's poison

Skill      XL: |  1  2  3  4 |
---------------+-------------+-----
Invocations    | 1 |  1.5
Short Blades   | 1 |  1.4
Axes           | 1 |  1.4
Maces & Flails | 1 |  1.4
Polearms       | 1 |  1.4
Staves         | 1 |  1.4
Slings         | 1 |  1.4
Bows           | 1 |  1.4
Crossbows      | 1 |  1.4
Throwing       | 1 |  1.4
Armour         | 1 |  1.4
Stealth        | 1 |  1.4
Unarmed Combat | 1 |  1.4
Evocations     | 1 |  1.4
Spellcasting   | 3 |  3.1
Conjurations   | 1 |  1.1
Hexes          | 1 |  1.1
Charms         | 1 |  1.1
Summonings     | 1 |  1.1
Necromancy     | 1 |  1.1
Translocations | 1 |  1.1
Transmutations | 1 |  1.1
Fire Magic     | 1 |  1.1
Ice Magic      | 1 |  1.1
Earth Magic    | 1 |  1.1
Poison Magic   | 1 |  1.1
Fighting       | |  6.6
Long Blades    | |  2.9
Dodging        | |  2.9
Shields        | |  4.7
Air Magic      | |  3.9

Action                   |  1- 3 |  4- 6 || total
-------------------------+-------+-------++-------
Melee: Falchion          |    69 |    40 ||   109
       Bite              |     9 |     9 ||    18
       Punch             |     1 |       ||     1
 Cast: Shock             |    43 |    17 ||    60
  Use: Scroll            |       |     3 ||     3
  Eat: Chunk             |     2 |     1 ||     3
Armor: Ring mail         |    40 |     9 ||    49
Dodge: Dodged            |    56 |    25 ||    81
       Rpst.: Falchion   |    15 |    13 ||    28
